 Dungeon Crawl Stone Soup version 0.19.1-1-g22dce08 (webtiles) character file.

10184 theAP the Grappler (level 11, -9/111 HPs)
             Began as a Troll Fighter on Jan 17, 2017.
             Was a High Priest of Okawaru.
             Mangled by a ten-headed hydra (11 damage)
             ... on level 11 of the Dungeon.
             The game lasted 00:21:20 (8201 turns).

theAP the Grappler (Troll Fighter)                  Turns: 8201, Time: 00:21:23

Health: -9/111     AC: 11    Str: 29    XL:     11   Next: 32%
Magic:  10/10      EV: 11    Int:  4    God:    Okawaru [*****.]
Gold:   551        SH: 10    Dex:  9    Spells: 0 memorised, 10 levels left

rFire  + . .     SeeInvis .       - Unarmed
rCold  + . .     Gourm    +     t - +0 robe
rNeg   . . .     Faith    .     b - +1 shield
rPois  .         Spirit   .     (helmet restricted)
rElec  .         Reflect  .     h - +0 cloak
rCorr  .         Harm     .     (gloves unavailable)
MR     +....                    (boots unavailable)
Stlth  +.........               (no amulet)
                                v - +5 ring of protection
                                q - ring of wizardry

@: no status effects
A: unfitting armour, claws 3, cold resistance 1, fire resistance 1, fast
metabolism 3, gourmand, magic resistance 1, regeneration 1, shaggy fur 1, tough
skin 2
a: Heroism, Finesse, Renounce Religion


You were on level 11 of the Dungeon.
You worshipped Okawaru.
Okawaru was extremely pleased with you.
You were not hungry.

You visited 2 branches of the dungeon, and saw 12 of its levels.

You collected 641 gold pieces.
You spent 90 gold pieces at shops.

Inventory:

Armour
 a - a +0 robe
 b - a +1 shield (worn)
 h - a +0 cloak (worn)
 t - a +0 robe (worn)
Jewellery
 q - a ring of wizardry (left claw)
 v - a +5 ring of protection (right claw)
Wands
 k - a wand of teleportation (7/9)
 n - a wand of enslavement (15/24)
 p - a wand of iceblast (12/15)
 u - a wand of acid (7/15)
 B - a wand of disintegration (7/24)
 C - a wand of paralysis (14/24)
 G - a wand of polymorph (9/24)
 I - a wand of lightning (7/15)
 J - a wand of random effects (2/48)
Scrolls
 e - a scroll of teleportation
 j - 3 scrolls of identify
 l - 3 scrolls of fog
 m - 2 scrolls of blinking
 x - 2 scrolls of amnesia
 y - a scroll of recharging
 A - a scroll of remove curse
 K - a scroll of magic mapping
Potions
 c - a potion of invisibility
 o - a potion of degeneration
 r - a potion of brilliance
 w - a potion of lignification
 z - a potion of berserk rage
Books
 s - a book of Callings

   Spells                             Type                      Level
   a - Summon Small Mammal            Summoning                    1
   b - Call Imp                       Summoning                    2
   c - Call Canine Familiar           Summoning                    3
   d - Summon Guardian Golem          Hexes/Summoning              3
   e - Summon Lightning Spire         Summoning/Air                4
   f - Summon Ice Beast               Ice/Summoning                4
 E - a book of Changes

   Spells                             Type                      Level
   a - Beastly Appendage              Transmutation                1
   b - Sticks to Snakes               Transmutation                2
   c - Spider Form                    Transmutation/Poison         3
   d - Ice Form                       Ice/Transmutation            4
   e - Blade Hands                    Transmutation                5
Comestibles
 d - 15 bread rations
 f - 2 royal jellies
 g - a slice of pizza
 i - 5 meat rations
 F - 3 fruits


   Skills:
 + Level 7.9 Fighting
 + Level 8.0 Dodging
 - Level 2.6 Shields
 * Level 12.5 Unarmed Combat


You had 10 spell levels left.
You didn't know any spells.

Dungeon Overview and Level Annotations

Branches:
Dungeon (11/15)            Temple (1/1) D:6            Lair (0/6) D:11
    Orc (0/2) D:9

Altars:
Dithmenos
Gozag
Nemelex Xobeh
Okawaru
Qazlal
Trog
Yredelemnul
Zin
The Shining One
Beogh

Shops:
D:6 *:


Innate Abilities, Weirdness & Mutations

You are too large for most types of armour.
You have claws for hands.
Your metabolism is lightning-fast.
You like to eat raw meat.
Your natural rate of healing is unusually fast.
You are covered in fur. (AC +1)
You have very tough skin. (AC +2)
Your flesh is cold resistant. (rC+)
Your flesh is heat resistant. (rF+)
You are resistant to hostile enchantments. (MR+)


Message History

The ten-headed hydra misses you.
The ten-headed hydra closely misses you.
The ten-headed hydra bites you!
* * * LOW HITPOINT WARNING * * *
The ten-headed hydra barely misses you. x2; The ten-headed hydra bites you!
* * * LOW HITPOINT WARNING * * *
The ten-headed hydra bites you.
* * * LOW HITPOINT WARNING * * *
Unknown command.
Evoke which item? (* to show all) (? for menu, Esc to quit)
Zapping:
k - a wand of teleportation (8/9)
Press: ? - help, Shift-Dir - straight line, f/p - ten-headed hydra
Aim: a ten-headed hydra (heavily wounded, chance to defeat MR: 19%)
The ten-headed hydra resists with almost no effort.
This wand has 7 charges left.
The ten-headed hydra closely misses you.
The ten-headed hydra bites you.
* * * LOW HITPOINT WARNING * * *
The ten-headed hydra bites you!
You die...

#...# ###.# #.#
##### #.# .....
#.# ..... #.#
..... #.# .....
######.#####..#
....)
+.......@D....#
.....
#######.#######
..... #.# ###+#
#.# #.# #+#


You could see a ten-headed hydra.

Vanquished Creatures
  A centaur warrior (D:11)
  A hill giant (D:10)
  The ghost of galech the Grappler, a novice TrMo of Okawaru (D:7)
  A cyclops (D:11)
  A gargoyle (D:10)
  The ghost of nikopol the Skirmisher, a novice GrBe of Trog (D:5)
  A troll (D:11)
  2 hornets
  4 hippogriffs
  Sigmund (D:4)
  2 wraiths (D:11)
  A spriggan (D:9)
  11 yaks
  A steam dragon (D:10)
  2 hungry ghosts (D:11)
  Menkaure (D:6)
  5 orc warriors
  A hornet zombie (D:11)
  2 sky beasts
  A phantom (D:4)
  5 centaurs
  3 ogres
  A big kobold (D:10)
  4 bullfrogs
  4 scorpions
  A water moccasin zombie (D:10)
  5 killer bees
  2 crimson imps
  A howler monkey (D:7)
  A bullfrog zombie (D:6)
  6 orc priests
  5 hounds
  2 jellies
  A quasit (D:10)
  2 bullfrog skeletons
  3 iguanas
  4 orc wizards
  10 worker ants
  A killer bee zombie (D:7)
  A hound skeleton (D:9)
  Robin (D:4)
  A howler monkey zombie (D:11)
  A gnoll (D:1)
  11 adders
  A shadow imp (D:11)
  An ooze (D:7)
  An adder zombie (D:10)
  A worm (D:2)
  3 dart slugs (D:1)
  3 leopard geckos
  42 orcs
  5 bats
  7 giant cockroaches
  14 goblins
  8 hobgoblins
  23 jackals
  3 quokkas
  2 ball pythons
  5 frilled lizards
  2 jackal zombies
  8 kobolds
  2 quokka zombies
  4 rats
  A spectral orc (D:5)
253 creatures vanquished.

Vanquished Creatures (collateral kills)
  A hungry ghost (D:11)
1 creature vanquished.

Grand Total: 254 creatures vanquished

Notes
Turn   | Place    | Note
-------+----------+-------------------------------------------
     0 | D:1      | theAP the Troll Fighter began the quest for the Orb.
     0 | D:1      | Reached XP level 1. HP: 22/22 MP: 0/0
    87 | D:1      | Reached XP level 2. HP: 23/29 MP: 1/1
   338 | D:1      | Reached XP level 3. HP: 35/36 MP: 2/2
   774 | D:2      | Reached skill level 3 in Unarmed Combat
  1206 | D:2      | Reached XP level 4. HP: 44/44 MP: 3/3
  2322 | D:4      | Reached XP level 5. HP: 28/53 MP: 4/4
  2323 | D:4      | Reached skill level 4 in Unarmed Combat
  2397 | D:4      | Noticed Robin
  2418 | D:4      | Killed Robin
  2553 | D:4      | Noticed Sigmund
  2566 | D:4      | Killed Sigmund
  2566 | D:4      | Reached skill level 5 in Unarmed Combat
  2566 | D:4      | Reached XP level 6. HP: 60/61 MP: 5/5
  2810 | D:4      | Reached XP level 7. HP: 60/68 MP: 6/6
  2931 | D:5      | Entered Level 5 of the Dungeon
  3013 | D:5      | Found a basalt altar of Yredelemnul.
  3065 | D:5      | Noticed nikopol's ghost (novice GrBe)
  3089 | D:5      | Killed nikopol's ghost
  3089 | D:5      | Reached skill level 6 in Unarmed Combat
  3514 | D:6      | Noticed Menkaure
  3521 | D:6      | Killed Menkaure
  3521 | D:6      | Reached skill level 7 in Unarmed Combat
  3521 | D:6      | Reached XP level 8. HP: 67/79 MP: 7/7
  3532 | D:6      | Found an opulent altar of Gozag.
  3532 | D:6      | Found Gozag's Platinum Reserve.
  3594 | D:6      | Found a staircase to the Ecumenical Temple.
  3679 | Temple   | Entered the Ecumenical Temple
  3700 | Temple   | Became a worshipper of Warmaster Okawaru
  4030 | D:6      | Reached skill level 5 in Dodging
  4044 | D:6      | Found Jipt's Book Shoppe.
  4136 | D:6      | Reached skill level 5 in Fighting
  4244 | D:7      | Found Zin's Purification Station.
  4247 | D:7      | Found a glowing silver altar of Zin.
  4250 | D:7      | Bought a potion of curing for 90 gold pieces
  4290 | D:7      | Reached skill level 8 in Unarmed Combat
  4345 | D:7      | Reached * piety under Okawaru
  4354 | D:7      | Noticed galech's ghost (novice TrMo)
  4373 | D:7      | HP: 4/80 [galech's ghost (20)]
  4376 | D:7      | Killed galech's ghost
  4376 | D:7      | Reached XP level 9. HP: 24/88 MP: 8/8
  4535 | D:7      | Reached skill level 9 in Unarmed Combat
  5022 | D:8      | Found a sparkling altar of Nemelex Xobeh.
  5046 | D:8      | Reached ** piety under Okawaru
  5786 | D:9      | Reached skill level 10 in Unarmed Combat
  5834 | D:9      | You fall through a shaft!
  5834 | D:10     | Entered Level 10 of the Dungeon
  5925 | D:10     | Noticed a gargoyle
  5935 | D:10     | Killed a gargoyle
  5935 | D:10     | Reached *** piety under Okawaru
  6048 | D:9      | Reached XP level 10. HP: 93/100 MP: 9/9
  6054 | D:9      | Gained mutation: Your flesh is heat resistant. (rF+) [potion of mutation]
  6054 | D:9      | Gained mutation: Your flesh is cold resistant. (rC+) [potion of mutation]
  6054 | D:9      | Gained mutation: You are resistant to hostile enchantments. (MR+) [potion of mutation]
  6087 | D:9      | Found a staircase to the Orcish Mines.
  6191 | D:9      | Found a roughly hewn altar of Beogh.
  6597 | D:9      | Found a glowing golden altar of the Shining One.
  6885 | D:10     | Paralysed by a hornet for 2 turns
  6889 | D:10     | Reached skill level 11 in Unarmed Combat
  7055 | D:10     | Got a shimmering whip
  7056 | D:10     | Identified the cursed +0 whip of Dubatu {flame, *Noise rElec rF- rN+++} (You found it on level 10 of the Dungeon)
  7151 | D:10     | Noticed a hill giant
  7161 | D:10     | Killed a hill giant
  7161 | D:10     | Reached **** piety under Okawaru
  7503 | D:11     | Found a staircase to the Lair.
  7509 | D:11     | Noticed a cyclops
  7526 | D:11     | Killed a cyclops
  7526 | D:11     | Reached ***** piety under Okawaru
  7527 | D:11     | Reached skill level 12 in Unarmed Combat
  7611 | D:11     | Reached XP level 11. HP: 109/109 MP: 10/10
  7612 | D:11     | Noticed a centaur warrior
  7626 | D:11     | Killed a centaur warrior
  7626 | D:11     | Received a gift from Okawaru
  8194 | D:11     | Noticed a seven-headed hydra
  8201 | D:11     | HP: 2/111 [ten-headed hydra (6)]
  8201 | D:11     | Mangled by a ten-headed hydra

Skill      XL: |  1  2  3  4  5  6  7  8  9 10 11 |
---------------+----------------------------------+-----
Unarmed Combat | 3 5 7 8 10 12 | 12.5
Fighting       | 3 4 5 6 7 |  7.9
Dodging        | 3 4 5 6 7 8 |  8.0
Shields        | |  2.6

Action                   |  1- 3 |  4- 6 |  7- 9 | 10-12 || total
-------------------------+-------+-------+-------+-------++-------
Melee: Unarmed           |   121 |   129 |   295 |   320 ||   865
Evoke: Wand              |       |       |       |     2 ||     2
  Use: Scroll            |     4 |     6 |     6 |    10 ||    26
       Potion            |       |     3 |     7 |     2 ||    12
  Eat: Chunk             |    15 |    16 |    30 |    31 ||    92
Armor: Robe              |    46 |    43 |    98 |    97 ||   284
       Skin              |       |       |     2 |       ||     2
Dodge: Dodged            |    39 |    46 |    97 |   146 ||   328
Block: Shield            |    51 |    59 |   151 |   153 ||   414
